Map: Moonlight Madness LE (Void)

Players

Ryeot - Winner!

  • Race: Terran Terran
  • League: Grandmaster

wabbajack

  • Race: Zerg Zerg
  • League: Grandmaster

VOD

Have the link to the VOD?

Description

Time

  • Played on: July 16, 2015, 12:05 p.m.
  • Length: 8:54
Show
View Real Time Build Order
Export as new Build Order

Ryeot Terran - Winner!

Build Orders: Hellion Opening 

Get SALT Encoding   

  12  0:01  SCV  
  13  0:13  SCV  
  14  0:17  Supply Depot  
  14  0:25  SCV  
  15  0:39  SCV  
  15  0:42  Barracks  
  16  0:54  SCV  
  17  1:00  Refinery  
  17  1:02  Refinery  
  17  1:06  SCV  
  18  1:29  Marine, Orbital Command  
  18  1:32  Supply Depot  
  19  1:55  Factory  
  19  1:56  SCV  
  19  1:58  Barracks Reactor  
  20  2:09  SCV  
  20  2:12  Factory  
  21  2:21  SCV  
  22  2:29  Factory  
  22  2:35  SCV  
  23  2:44  Supply Depot  
  23  2:46  Hellion x2  
  19  3:03  Hellion  
  19  3:08  SCV  
  20  3:21  SCV  
  20  3:24  Hellion  
  23  3:28  Hellion  
  23  3:42  Hellion x2  
  27  3:53  Hellion  
  27  3:54  Hellion  
  31  4:08  Hellion x2  
  31  4:09  SCV  
  36  4:23  Hellion  
  38  4:30  Supply Depot  
  38  4:51  Hellion x2  
  38  4:52  Hellion x2  
  46  5:09  Armory  
  46  5:46  Supply Depot  
  46  6:08  Hellion x4  
  42  6:30  Hellion x6  
  40  6:42  SCV  
  39  6:51  Hellion x4  
  47  6:58  SCV  
  48  7:10  SCV  
  48  7:12  Hellion x3  
  55  7:27  SCV, Hellion  
  55  7:28  Supply Depot  
  58  7:34  Hellion x2  
  62  7:49  Hellion x2  
  66  7:55  Hellion x2  
  68  8:11  Hellion x2  
  54  8:20  Hellion x2  
Show
View Real Time Build Order
Export as new Build Order

wabbajack Zerg 

Build Orders: Pool First 

Get SALT Encoding   

  12  0:01  Drone  
  13  0:12  Extractor  
  12  0:25  Spawning Pool  
  11  0:30  Drone  
  11  0:34  Drone  
  13  0:44  Drone  
  14  0:51  Overlord  
  14  1:12  Queen  
  14  1:16  Metabolic Boost  
  16  1:22  Zergling x2  
  16  1:24  Zergling x2  
  18  1:29  Zergling x2  
  19  1:33  Zergling x2  
  20  1:56  Overlord  
  20  2:03  Drone  
  21  2:13  Hatchery  
  20  2:24  Zergling x2  
  20  2:25  Zergling x4  
  20  2:27  Zergling x2  
  20  3:10  Zergling x2  
  20  3:11  Zergling x6  
  24  3:16  Queen  
  24  3:18  Drone x3  
  25  3:56  Roach Warren  
  25  3:57  Queen  
  25  3:59  Drone  
  25  4:00  Drone x4  
  27  4:44  Overlord x2  
  27  4:45  Overlord  
  27  4:50  Spine Crawler  
  26  5:11  Drone x7  
  26  5:13  Roach  
  47  5:14  Roach x7  
  49  5:36  Spine Crawler  
  49  5:38  Roach  
  49  5:40  Overlord x2  
  50  5:44  Drone x2  
  50  5:45  Drone x3, Extractor  
  54  5:58  Hatchery  
  45  6:27  Roach x3  
  45  6:28  Roach x4  
  47  6:43  Queen  
  49  6:48  Lair  
  49  6:54  Drone  
  49  6:55  Drone x6  
  49  6:56  Drone x3  
  59  7:17  Queen  
  59  7:21  Overlord  
  59  7:22  Overlord  
  62  7:30  Zergling x18  
  70  7:48  Evolution Chamber  
  70  7:49  Hydralisk Den  
  68  7:54  Extractor  
  68  7:55  Drone  
  68  7:56  Drone x2  
  68  7:57  Drone x2  
  72  7:59  Drone  
  72  8:00  Drone x4  
  72  8:02  Overlord  
  72  8:03  Overlord, Extractor  
  71  8:08  Roach  
  67  8:16  Roach x5  
Tags
 
Add a new tag
Caveats
  • Supply blocks, unpowered buildings, or Contaminate may cause inaccurate times.
  • Supply counts are checked every 10 seconds.